 Dungeon Crawl Stone Soup version 0.21.1-1-g345015f (webtiles) character file.

54 Iko the Sneak (level 4, -3/29 HPs)
             Began as a Halfling Assassin on May 13, 2018.
             Slain by Grinder (6 damage)
             ... while paralysed by Grinder
             ... on level 4 of the Dungeon.
             The game lasted 00:06:44 (397 turns).

Iko the Sneak (Halfling Assassin)                    Turns: 397, Time: 00:06:44

Health: -3/29      AC:  9    Str: 12    XL:     4   Next: 12%
Magic:  4/4        EV:  3    Int: 10    God:
Gold:   9          SH:  0    Dex: 15    Spells: 3/3 levels left

rFire    . . .     SeeInvis .   h - +0 hand axe
rCold    . . .     Gourm    .   (shield restricted)
rNeg     . . .     Faith    .   i - +0 chain mail
rPois    .         Spirit   .   (no helmet)
rElec    .         Reflect  +   d - +0 cloak
rCorr    .         Harm     .   (no gloves)
MR       .....                  (no boots)
Stlth    ..........             j - +3 amulet of reflection
HPRegen  0.09/turn              (no ring)
MPRegen  0.09/turn              (no ring)

@: paralysed
A: small, mutation resistance 1
a: no special abilities


You were on level 4 of the Dungeon.
You were not hungry.

You visited 1 branch of the dungeon, and saw 4 of its levels.

You collected 9 gold pieces.

Inventory:

Hand Weapons
 b - a +0 blowgun
 h - a +0 hand axe (weapon)
Armour
 d - a +0 cloak (worn)
 i - a +0 chain mail (worn)
Jewellery
 j - a +3 amulet of reflection (around neck)
Potions
 c - a potion of berserk rage
Comestibles
 g - a ration


   Skills:
 + Level 2.0 Fighting
   Level 2.6 Short Blades
 + Level 0.5 Axes
 + Level 2.5 Throwing
 + Level 0.4 Armour
 + Level 1.1 Dodging
 + Level 5.4 Stealth


You had 3 spell levels left.
You didn't know any spells.

Dungeon Overview and Level Annotations

Branches:
Dungeon (4/15)
 Temple: D:4-7

Altars:

Shops:
D:4 *

Annotations:
D:4 Grinder


Innate Abilities, Weirdness & Mutations

You are small and have problems with some larger weapons.
You are somewhat resistant to further mutation.


Message History

Grinder gestures at you.
You shrug off the repeated paralysis!
You can move again.
You hit Grinder.
Grinder is moderately wounded.
Grinder hits you but does no damage.
Your chain mail prevents you from hitting Grinder.
Grinder is moderately wounded.
Grinder gestures at you. Pain shoots through your body!
You hit Grinder.
Grinder is heavily wounded.
Grinder gestures at you.
You suddenly lose the ability to move!
Grinder gestures at you. Pain shoots through your body!
* * * LOW HITPOINT WARNING * * *
Grinder hits you but does no damage. Grinder hits you.
You die...

##.## #∩..# #...# ###
#...# # ##.####.#.## .#
##..........##.##
.............%.###
#...###...........
#..###5@...#.$...
######..#...#..#((.....
#.......(.#...#(##...>.
#.####..#.......(. ....
#.# #(.#.##.##.##.....
#.# #..#.##.# ... ....
#.# #........ ..#. . .
#.# ##.#.##...... #†#
##.#.# ...


You could see Grinder.

Vanquished Creatures
  Terence (D:2)
  A howler monkey skeleton (D:4)
  An adder (D:4)
  2 leopard geckos
  A giant cockroach (D:3)
  A goblin (D:2)
  A hobgoblin (D:3)
  2 frilled lizards (D:2)
  A kobold (D:2)
11 creatures vanquished.

Notes
Turn   | Place    | Note
-------+----------+-------------------------------------------
     0 | D:1      | Iko the Halfling Assassin began the quest for the Orb.
     0 | D:1      | Reached XP level 1. HP: 14/14 MP: 1/1
     2 | D:1      | Noticed a minotaur zombie
    50 | D:2      | Noticed Terence
    60 | D:2      | Killed Terence
    60 | D:2      | Reached skill level 5 in Stealth
    60 | D:2      | Reached XP level 2. HP: 19/19 MP: 2/2
    60 | D:2      | Reached XP level 3. HP: 24/24 MP: 3/3
   342 | D:4      | Found Routs's Assorted Antiques.
   343 | D:4      | Noticed Grinder
   356 | D:4      | Reached XP level 4. HP: 18/29 MP: 4/4
   360 | D:4      | Paralysed by Grinder for 3 turns
   379 | D:4      | Paralysed by Grinder for 5 turns
   389 | D:4      | Paralysed by Grinder for 3 turns
   394 | D:4      | Paralysed by Grinder for 7 turns
   397 | D:4      | Slain by Grinder

Skill      XL: |  1  2  3 |
---------------+----------+-----
Stealth        | 5 |  5.4
Fighting       | 2 |  2.0
Short Blades   | |  2.6
Axes           | |  0.5
Throwing       | |  2.5
Armour         | |  0.4
Dodging        | |  1.1

Action                   |  1- 3 |  4- 6 || total
-------------------------+-------+-------++-------
Melee: Dagger            |     8 |       ||     8
       Hand axe          |    32 |    16 ||    48
       Blowgun           |     2 |       ||     2
 Fire: Blowgun           |    25 |     4 ||    29
  Use: Potion            |     1 |     1 ||     2
       Scroll            |     1 |     1 ||     2
Armor: Chain mail        |    25 |     6 ||    31
       Robe              |     1 |       ||     1
Dodge: Dodged            |    20 |     5 ||    25
Block: Other             |     3 |       ||     3
